 Dungeon Crawl Stone Soup version 0.18-a0-1626-g65af6d3 (webtiles) character file.

130193 namelastname112 the Fencer (level 16, -1/161 HPs)
             Began as a Grey Draconian Chaos Knight on Mar 24, 2016.
             Shot with a sling bullet by a faun (3 damage)
             ... on level 2 of the Shoals on Mar 25, 2016.
             The game lasted 01:04:50 (39840 turns).

namelastname112 the Fencer (DrCK)                  Turns: 39840, Time: 01:04:51

Health: -1/161     AC: 18    Str: 14 (18) XL:     16   Next: 52%
Magic:  35/35      EV: 16    Int:  7 (10) God:    Xom [.....*]
Gold:   2422       SH:  6    Dex:  9 (17) Spells: 4 memorised, 7 levels left

rFire  + + .     SeeInvis +     J - +9 scimitar (flame)
rCold  + . .     Gourm    .     (armour unavailable)
rNeg   + + .     Faith    .     H - +0 buckler {rN+}
rPois  +         Spirit   .     (helmet restricted)
rElec  .         Dismiss  .     Z - +0 cloak {rPois}
rCorr  +         Reflect  .     X - +1 pair of gloves
SustAt .         Harm     +     t - +0 pair of boots {rF+}
MR     +....     Clarity  +     j - amulet of Suigrotus {Harm *Drain rN+ Dex-3 Slay+2}
Stlth  +.........               l - ring of the Crown {rCorr rPois MP+9 Int-5}
                                p - +4 ring of slaying

@: about to teleport, glowing, studying Long Blades, somewhat resistant to
hostile enchantments, very unstealthy
A: walk through water, unfitting armour, claws 1, horns 2, talons 1, see
invisible, agile 2, berserk 1, clarity, cold resistance 1, fire resistance 1,
high mp 1, poison resistance, robust 1, strong 2, wild magic 1, unbreathing,
evolution 1, cold-blooded, AC +14
a: Renounce Religion


You were on level 2 of the Shoals.
You worshipped Xom.
You were Xom's teddy bear.
You were not hungry.

You visited 4 branches of the dungeon, and saw 27 of its levels.
You also visited: Ossuary, Bailey and Volcano.

You collected 4828 gold pieces.
You spent 2406 gold pieces at shops.

Inventory:

Hand Weapons
 J - a +9 scimitar of flaming (weapon)
 T - a +3 blowgun
Missiles
 c - 5 throwing nets (quivered)
 O - 13 curare-tipped needles
Armour
 t - a +0 pair of boots of fire resistance (worn)
 H - a +0 buckler of positive energy (worn)
 X - a +1 pair of gloves (worn)
 Z - a +0 cloak of poison resistance (worn)
Magical Staves
 s - an uncursed staff of wizardry
Jewellery
 a - an uncursed ring of protection from fire
 j - the amulet of Suigrotus (around neck) {Harm *Drain rN+ Dex-3 Slay+2}
   (You took it off a spriggan on level 8 of the Lair of Beasts)

   [amulet of harm]

   It increases damage dealt and taken.
   It affects your dexterity (-3).
   It affects your accuracy and damage with ranged weapons and melee attacks
   (+2).
   It protects you from negative energy.
 l - the ring of the Crown (right hand) {rCorr rPois MP+9 Int-5}
   (You found it on level 6 of the Dungeon)

   [ring of resist corrosion]

   It affects your intelligence (-5).
   It protects you from poison.
   It affects your magic capacity (+9).
 p - a +4 ring of slaying (left hand)
 u - an uncursed ring of wizardry
Wands
 m - a wand of iceblast (2/15)
 w - a wand of iceblast (8/15)
 C - a wand of teleportation (1/9)
 D - a wand of teleportation (3/9)
 R - a wand of paralysis (11/24)
 S - a wand of iceblast (10/15)
 U - a wand of acid (4/15)
 Y - a wand of iceblast (7/15)
Scrolls
 d - 4 scrolls of magic mapping
 f - a scroll of holy word
 g - 5 scrolls of enchant weapon
 k - 7 scrolls of remove curse
 n - 9 scrolls of enchant armour
 r - 5 scrolls of recharging
 y - a scroll of silence
 E - 2 scrolls of blinking
 N - 2 scrolls of teleportation
 P - 4 scrolls of fog
 Q - 2 scrolls of amnesia
Potions
 e - a potion of cancellation
 h - 8 potions of curing
 q - a potion of berserk rage
 x - 2 potions of magic
 z - 8 potions of lignification
 A - 6 potions of haste
 F - 4 potions of brilliance
 G - 3 potions of flight
 K - 5 potions of ambrosia
 M - a potion of invisibility
 V - 2 potions of resistance
Books
 L - a manual of Long Blades
Miscellaneous
 B - a sack of spiders
 W - a box of beasts {used: 4}
Comestibles
 b - 17 bread rations
 i - 16 meat rations
 v - 5 beef jerkies
 I - 10 slices of pizza


   Skills:
 + Level 14.5 Fighting
 + Level 18.2 Long Blades
 + Level 12.5 Dodging
 - Level 10.3 Shields
 * Level 10.7 Evocations


You had 7 spell levels left.
You knew the following spells:

 Your Spells              Type           Power        Failure   Level  Hunger
a - Apportation           Tloc           #.........   63%         1    ##.....
b - Summon Butterflies    Summ           #.......     63%         1    ##.....
c - Regeneration          Chrm/Necr      #.........   99%         3    ####...
d - Spectral Weapon       Hex/Chrm       #.......     99%         3    ####...


Dungeon Overview and Level Annotations

Branches:
Dungeon (15/15)            Temple (0/1) D:7            Lair (8/8) D:11
 Shoals (2/4) Lair:3       Spider (0/4) Lair:3        Slime (0/6) Lair:6
    Orc (2/2) D:9             Elf (0/3) Orc:2        Vaults (0/5) D:13
 Depths (0/5) D:15

Altars:
Cheibriados
Dithmenos
Elyvilon
Gozag
Kikubaaqudgha
Makhleb
Nemelex Xobeh
Okawaru
Pakellas
Sif Muna
Trog
Vehumet
Xom
Beogh
Jiyva

Shops:
Orc:1 (   Orc:2 ?:[=

Annotations:
Lair:6 1 runed door


Innate Abilities, Weirdness & Mutations

You can walk through water.
Your dull iron-grey scales are very hard (AC +14).
Your body does not fit into most forms of armour.
You can survive without breathing.
You are cold-blooded and may be slowed by cold attacks.
You have sharp fingernails.
You have a pair of horns on your head.
You have sharp toenails.
You have supernaturally acute eyesight.
You are very agile. (Dex +4)
You tend to lose your temper in combat.
You possess an exceptional clarity of mind.
Your flesh is cold resistant.
Your flesh is heat resistant.
You have an increased reservoir of magic (+10% MP).
Your system is resistant to poisons.
You are robust (+10% HP).
Your muscles are very strong. (Str +4)
Your spells are a little harder to cast, but a little more powerful.
You evolve.


Message History

You hear a splash.
The faun points at you and mumbles some strange words.
You resist with some effort.
Drink which item? (? for menu, Esc to quit)
Okay, then.
Evoke which item? (* to show all) (? for menu, Esc to quit)
Okay, then.
Read which item? (? for menu, Esc to quit)
Okay, then.
Evoke which item? (* to show all) (? for menu, Esc to quit)
Zapping:
C - a wand of teleportation (2/9)
Press: ? - help, Shift-Dir - straight line, f - you You feel strangely unstable.
This wand has 1 charge left.
The faun hits you with an uncursed quarterstaff!
* * * LOW HITPOINT WARNING * * *
The faun shoots a sling bullet.
The sling bullet hits you!!
* * * LOW HITPOINT WARNING * * *
The sling bullet burns you.
You die...
Xom chuckles heartily!
P m

.......≈≈≈≈≈≈≈≈ P
≈...≈..≈≈≈≈≈≈≈≈≈ ##...
....≈≈≈≈≈≈≈≈≈≈≈≈ ##...
.....≈≈≈≈≈≈≈≈≈≈≈ ##..≈
≈≈.m≈≈≈≈≈≈≈≈≈≈≈≈ #.≈≈..P
≈≈≈.≈≈≈≈≈≈≈≈≈≈≈≈
#P.≈..≈≈≈≈≈≈≈≈cc≈≈≈≈≈≈≈≈
##..P≈≈≈≈≈≈≈≈≈≈)@≈≈≈≈≈≈≈
###P≈≈≈≈≈≈.≈≈≈c(≈≈≈≈≈≈≈≈
###.≈≈≈≈≈≈≈≈≈≈≈(≈≈≈≈≈≈≈≈
##.≈≈≈≈≈≈≈≈≈≈≈≈≈≈≈≈≈≈(≈≈
#..≈≈≈≈≈≈≈≈≈≈≈≈≈≈≈≈≈≈≈≈≈
..≈≈≈≈≈≈≈≈≈≈≈≈≈≈≈≈≈≈≈≈≈≈
≈≈≈≈≈≈≈≈≈≈≈≈≈≈≈≈≈≈≈≈≈≈≈≈
≈≈≈≈≈≈≈≈≈≈≈≈≈≈≈≈≈≈≈≈≈≈≈≈
≈≈≈≈≈≈≈≈≈≈≈≈≈≈≈≈≈≈≈≈≈≈≈


You could see 3 fauns and a siren.

Vanquished Creatures
  Rupert (D:14)
  A kraken (Shoals:1)
  Frances (Shoals:1)
  Maud (Lair:8)
  Snorg (D:10)
  The ghost of namelastname112 the Slicer, a journeyman DrBe of Trog (D:13)
  Erolcha (D:9)
  Josephine (D:11)
  A yaktaur captain (D:13)
  Harold (D:12)
  Fannar (Orc:1)
  10 hydras
  3 ogre magi (D:15)
  3 merfolk avatars (Shoals:1)
  A death knight (D:12)
  Erica (D:8)
  3 centaur warriors
  7 death yaks
  4 orc high priests
  Urug (D:10)
  The ghost of bl4d3 the Spear-Bearer, a novice FoFi of Cheibriados (D:9)
  A fire crab (D:12)
  2 sea snakes (Shoals:1)
  4 unseen horrors
  A lindwurm (Lair:8)
  7 harpies (Shoals:1)
  A necromancer (D:15)
  6 hill giants
  7 orc knights
  10 orc sorcerers
  5 cyclopes
  9 griffons
  8 ugly things
  A wizard (D:14)
  2 sirens
  2 deep elf magi (D:15)
  4 manticores (Shoals:1)
  Joseph (Lair:1)
  5 elephants (Lair:5)
  A guardian serpent (Lair:2)
  4 black mambas
  12 spiny frogs
  3 gargoyles
  7 yaktaurs
  4 komodo dragons
  A redback zombie (D:15)
  4 rime drakes
  2 spriggan druids (Lair:8)
  7 merfolk
  7 trolls
  A queen bee (D:14)
  11 two-headed ogres
  4 polar bears (Lair:8)
  33 blink frogs
  A boulder beetle (Orc:2)
  A hornet zombie (D:15)
  5 snapping turtles
  10 redbacks (Lair:8)
  3 water elementals (Shoals:1)
  9 spriggans (Lair:8)
  A centaur simulacrum (D:15)
  29 yaks
  A tarantella (shapeshifter) (D:14)
  A steam dragon (D:8)
  A human (D:7)
  2 hungry ghosts
  7 wraiths
  10 hippogriffs
  Grum (D:10)
  3 vampire mosquitoes (D:12)
  13 wyverns
  6 fire elementals (Volcano)
  A fire bat (shapeshifter) (D:10)
  9 wargs
  A mottled dragon (D:8)
  12 water moccasins
  13 porcupines
  6 sky beasts
  31 orc warriors
  4 wasps
  2 eyes of draining
  5 black bears
  3 phantoms
  3 ice beasts
  A necrophage (D:7)
  The ghost of Wiebster667 the Shooter, an amateur CeHu (D:3)
  25 ogres
  13 centaurs
  34 wolves
  9 crocodiles
  3 big kobolds
  28 giant frogs
  A wyvern zombie (D:14)
  A wyvern skeleton (D:13)
  8 scorpions
  24 killer bees
  6 wights
  3 howler monkeys
  6 jellies
  2 electric eels
  11 crimson imps
  A giant frog zombie (D:8)
  4 centaur zombies
  3 hounds
  21 orc priests
  Crazy Yiuf (D:7)
  8 centaur skeletons
  3 giant frog skeletons
  11 iguanas
  2 gnoll shamans (D:4)
  16 orc wizards
  10 worker ants
  12 sheep
  3 hound zombies
  8 mummies (Ossuary)
  A howler monkey zombie (D:9)
  Robin (D:2)
  37 gnolls
  A howler monkey skeleton (D:11)
  31 river rats
  11 adders
  An adder (shapeshifter) (D:8)
  5 shadow imps
  An ooze (D:2)
  An adder zombie (D:5)
  2 worms (D:2)
  A dart slug (D:1)
  7 giant geckos
  79 orcs
  3 ball pythons
  5 giant cockroaches
  18 goblins
  6 hobgoblins
  33 jackals
  19 kobolds
  5 quokkas
  2 ball python zombies
  7 bats
  A giant gecko skeleton (D:7)
  6 giant newts
  4 hobgoblin zombies (Ossuary)
  A kobold zombie (Ossuary)
  3 orc zombies (Ossuary)
  9 rats
  2 fire vortices
  4 tentacles (Shoals:1)
1002 creatures vanquished.

Vanquished Creatures (collateral kills)
  An iron troll (D:14)
  3 death yaks (Lair:8)
  A snapping turtle (Shoals:1)
  3 spriggans (Lair:8)
  An ogre (D:4)
  7 gnolls (D:4)
  6 orcs
  A quokka (D:4)
23 creatures vanquished.

Vanquished Creatures (others)
  A merfolk avatar (Shoals:1)
  A spiny frog (Lair:2)
  3 humans (D:15)
  A hound (D:8)
  A river rat (Lair:2)
  2 fire vortices
  21 fungi
  8 plants
  4 tentacles (Shoals:1)
  460 tentacle segments (Shoals:1)
502 creatures vanquished.

Grand Total: 1527 creatures vanquished

Notes
Turn   | Place    | Note
--------------------------------------------------------------
     0 | D:1      | namelastname112 the Draconian Chaos Knight began the quest for the Orb.
     0 | D:1      | Reached XP level 1. HP: 19/19 MP: 1/1
    25 | D:1      | XOM: divination: magic mapping
   120 | D:1      | XOM: mild Air miscast
   212 | D:1      | Reached XP level 2. HP: 19/26 MP: 2/2
   548 | D:1      | Reached XP level 3. HP: 31/31 MP: 3/3
   763 | D:2      | XOM: stealth player
   774 | D:2      | XOM: harmless Ice miscast
   780 | D:2      | XOM: divination: detect items
   950 | D:2      | XOM: harmless Air miscast
  1019 | D:2      | Found an oddly glowing altar of Pakellas.
  1038 | D:2      | Reached skill level 4 in Long Blades
  1128 | D:2      | Reached XP level 4. HP: 31/40 MP: 4/4
  1229 | D:2      | Noticed Robin
  1230 | D:2      | XOM: divination: detect creatures
  1263 | D:2      | Killed Robin
  1324 | D:2      | XOM: colour smoke trail
  1348 | D:2      | XOM: mild Chrm miscast
  1354 | D:2      | XOM: scenery: 1 doors open
  1694 | D:3      | Noticed Wiebster667's ghost (amateur CeHu)
  1702 | D:3      | Killed Wiebster667's ghost
  1702 | D:3      | Reached XP level 5. HP: 41/46 MP: 5/5
  1821 | D:3      | Reached skill level 5 in Long Blades
  1894 | D:3      | XOM: divination: detect creatures
  2007 | D:3      | Reached XP level 6. HP: 53/53 MP: 6/6
  2284 | D:4      | XOM: harmless Chrm miscast
  2374 | D:4      | Reached skill level 1 in Shields
  2509 | D:4      | Got a pair of polished gloves
  2515 | D:4      | Identified the +1 pair of gloves of Henotheism {-Cast rElec rF+} (You found it on level 4 of the Dungeon)
  2546 | D:4      | Found a white marble altar of Elyvilon.
  2835 | D:4      | XOM: harmless Conj miscast
  2844 | D:4      | XOM: noise
  2845 | D:4      | Your scales start taking on a dull iron-grey colour.
  2845 | D:4      | Reached XP level 7. HP: 58/60 MP: 7/7
  2845 | D:4      | Gained mutation: You can survive without breathing. [Grey Draconian growth]
  2858 | D:4      | Reached skill level 5 in Fighting
  2876 | D:4      | XOM: noise
  2914 | D:4      | XOM: cast spell 'Summon Butterflies'
  2971 | D:4      | XOM: mild Air miscast
  3093 | D:4      | XOM: cast spell 'Olgreb's Toxic Radiance'
  3150 | D:4      | XOM: divination: detect items
  3176 | D:4      | XOM: summons 4 friendly demons
  3185 | D:4      | Reached skill level 6 in Long Blades
  3230 | D:4      | XOM: swap monsters
  3372 | D:4      | XOM: divination: detect creatures
  3552 | D:4      | XOM: confuse monster(s)
  3562 | D:4      | XOM: summons 2 friendly demons
  3604 | D:4      | XOM: fog
  3875 | D:4      | Reached XP level 8. HP: 69/69 MP: 8/8
  4081 | D:4      | XOM: potion effect (invisibility)
  4196 | D:4      | Reached skill level 7 in Long Blades
  4280 | D:4      | XOM: harmless Summ miscast
  4288 | D:5      | XOM: stealth player
  4288 | D:5      | Entered Level 5 of the Dungeon
  4337 | D:5      | XOM: noise
  4395 | D:5      | XOM: summons 6 friendly demons
  4589 | D:5      | Found a shadowy altar of Dithmenos.
  4650 | D:5      | XOM: mild Ice miscast
  4768 | D:5      | XOM: cast spell 'Excruciating Wounds'
  4770 | D:5      | Reached skill level 5 in Dodging
  4775 | D:5      | XOM: divination: magic mapping
  4901 | D:5      | Found a snail-covered altar of Cheibriados.
  4956 | D:5      | XOM: divination: detect items
  5227 | D:5      | XOM: divination: detect creatures
  5544 | D:5      | XOM: mild Erth miscast
  5557 | D:5      | XOM: divination: detect creatures
  5601 | D:5      | XOM: potion effect (haste)
  5615 | D:5      | Gained mutation: You are clumsy. (Dex -2) [potion of mutation]
  5615 | D:5      | Gained mutation: You are covered in fur (AC +1). [potion of mutation]
  5616 | D:5      | Gained mutation: Your flesh is heat resistant. [potion of mutation]
  5616 | D:5      | Gained mutation: You have a pair of small horns on your head. [potion of mutation]
  5616 | D:5      | Gained mutation: Your mind is acute. (Int +2) [potion of mutation]
  5653 | D:6      | Reached skill level 8 in Long Blades
  5701 | D:6      | Reached XP level 9. HP: 43/78 MP: 9/9
  6029 | D:6      | XOM: silly message
  6272 | D:6      | XOM: divination: magic mapping
  6531 | D:6      | Got a shimmering bronze ring
  6597 | D:6      | Identified the ring of the Crown {rCorr rPois MP+9 Int-5} (You found it on level 6 of the Dungeon)
  6601 | D:6      | Found a bloodstained altar of Trog.
  6601 | D:6      | Found an iron altar of Okawaru.
  6616 | D:6      | XOM: harmless Divn miscast
  6653 | D:6      | XOM: silly message
  6683 | D:7      | Found a deep blue altar of Sif Muna.
  6835 | D:7      | XOM: noise
  6850 | D:7      | XOM: silly message
  6872 | D:7      | Gained mutation: You are very clumsy. (Dex -4) [mutagenic meat]
  6909 | D:7      | Reached skill level 5 in Shields
  6947 | D:7      | Found a staircase to the Ecumenical Temple.
  6973 | D:7      | Found a shimmering altar of Xom.
  6997 | D:7      | XOM: cast spell 'Confusing Touch'
  7009 | D:7      | Reached skill level 9 in Long Blades
  7162 | D:7      | Found an ancient bone altar of Kikubaaqudgha.
  7278 | D:7      | XOM: potion effect (curing)
  7563 | D:7      | Noticed Crazy Yiuf
  7567 | D:7      | Killed Crazy Yiuf
  7730 | D:8      | Found a flagged portal.
  7734 | D:8      | XOM: chaos upgrade
  7749 | Bailey   | Entered a bailey
  7816 | Bailey   | XOM: cast spell 'Summon Butterflies'
  7927 | Bailey   | XOM: potion effect (might)
  7954 | Bailey   | XOM: noise
  7959 | Bailey   | XOM: god gift: long lead wand {god gift}
  8027 | D:8      | Found a sand-covered staircase.
  8035 | D:8      | XOM: polymorph giant cockroach -> gnoll
  8036 | Ossuary  | Entered an ossuary
  8288 | Ossuary  | Gained mutation: You possess an exceptional clarity of mind. [potion of beneficial mutation]
  8316 | D:8      | Reached XP level 10. HP: 76/88 MP: 10/10
  8383 | D:8      | Found a deep blue altar of Sif Muna.
  8618 | D:8      | Found a sparkling altar of Nemelex Xobeh.
  8618 | D:8      | Found a burning altar of Makhleb.
  8619 | D:8      | Found an opulent altar of Gozag.
  8722 | D:8      | XOM: harmless Trmt miscast
  8732 | D:8      | Reached skill level 10 in Long Blades
  8811 | D:8      | Noticed a hill giant
  8820 | D:8      | XOM: medium Fire miscast
  8821 | D:8      | Killed a hill giant
  8824 | D:8      | XOM: 2-stop teleportation journey
  8862 | D:8      | Noticed Erica
  8865 | D:8      | XOM: harmless Erth miscast
  8872 | D:8      | Killed Erica
  8942 | D:9      | Found a staircase to the Orcish Mines.
  9244 | D:9      | Noticed Erolcha
  9249 | D:9      | XOM: chaos upgrade
  9249 | D:9      | Paralysed by Erolcha for 5 turns
  9255 | D:9      | Killed Erolcha
  9255 | D:9      | Reached skill level 11 in Long Blades
  9548 | D:9      | Found a radiant altar of Vehumet.
  9555 | D:9      | XOM: 2-stop teleportation journey
  9556 | D:9      | Noticed bl4d3's ghost (novice FoFi)
  9560 | D:9      | XOM: enchant monster (bad)
  9562 | D:9      | XOM: 1-stop teleportation journey
  9580 | D:9      | XOM: noise
  9581 | D:9      | XOM: harmless Summ miscast
  9583 | D:9      | Reached XP level 11. HP: 85/97 MP: 11/11
  9588 | D:9      | XOM: cast spell 'Death Channel'
  9590 | D:9      | XOM: confuse monster(s)
  9606 | D:9      | Killed bl4d3's ghost
  9669 | D:9      | XOM: vitrification
  9860 | D:10     | Entered Level 10 of the Dungeon
  9985 | D:10     | Noticed Sonja
 10012 | D:10     | XOM: summons friendly quasit
 10013 | D:10     | XOM: fog
 10020 | D:10     | XOM: swap monsters
 10090 | D:10     | Sonja changed into Sonja the fire bat
 10090 | D:10     | XOM: polymorph Sonja -> Sonja the fire bat
 10127 | D:10     | Noticed a hill giant
 10134 | D:10     | Killed a hill giant
 10157 | D:10     | XOM: harmless Ice miscast
 10170 | D:10     | XOM: potion effect (berserk rage)
 10246 | D:10     | XOM: silly message
 10326 | D:10     | Noticed Snorg
 10331 | D:10     | XOM: smoke on damage
 10333 | D:10     | Killed Snorg
 10383 | D:10     | Noticed Urug
 10396 | D:10     | XOM: enchant monster (bad)
 10397 | D:10     | Killed Urug
 10397 | D:10     | Reached skill level 12 in Long Blades
 10717 | D:10     | Noticed a hill giant
 10724 | D:10     | Killed a hill giant
 10724 | D:10     | Reached skill level 10 in Fighting
 10750 | D:10     | XOM: enchant monster (bad)
 11303 | D:10     | Noticed Grum
 11317 | D:10     | XOM: blink monster(s)
 11328 | D:10     | Killed Grum
 11753 | D:11     | XOM: stealth player
 11912 | D:11     | XOM: harmless Necr miscast
 11932 | D:11     | Found a staircase to the Lair.
 12007 | D:11     | Noticed an eight-headed hydra
 12011 | D:11     | XOM: potion effect (haste)
 12015 | D:11     | Noticed a hill giant
 12019 | D:11     | Killed a four-headed hydra
 12019 | D:11     | Reached XP level 12. HP: 65/107 MP: 12/12
 12040 | D:10     | XOM: harmless Tloc miscast
 12073 | D:11     | XOM: silly message
 12108 | D:11     | XOM: divination: magic mapping
 12164 | D:11     | XOM: mild Pois miscast
 12342 | D:11     | Noticed Josephine
 12345 | D:11     | XOM: divination: detect items
 12346 | D:11     | XOM: enchant monster (good)
 12349 | D:11     | Killed Josephine
 12675 | Lair:1   | Entered Level 1 of the Lair of Beasts
 12720 | D:12     | Noticed Nessos
 12721 | D:12     | Noticed Nessos
 12721 | D:12     | Nessos changed into Nessos the fire crab
 12804 | D:12     | Killed Nessos the fire crab
 12804 | D:12     | Reached skill level 13 in Long Blades
 13001 | D:12     | Noticed a death knight
 13024 | D:12     | XOM: harmless Chrm miscast
 13049 | D:12     | XOM: cast spell 'Shadow Creatures'
 13056 | D:12     | XOM: cast spell 'Cause Fear'
 13061 | D:12     | XOM: harmless Chrm miscast
 13408 | D:11     | XOM: cast spell 'Ice Form'
 13529 | D:12     | Killed a death knight
 13592 | D:12     | XOM: colour smoke trail
 13720 | D:12     | XOM: silly message
 13950 | D:12     | XOM: blink monster(s)
 13977 | D:12     | XOM: summons 5 hostile shadow creatures
 14107 | D:12     | Noticed Harold
 14110 | D:12     | XOM: chaos upgrade
 14111 | D:12     | XOM: summons 7 friendly demons
 14125 | D:12     | XOM: enchant monster (bad)
 14127 | D:12     | Killed Harold
 14162 | D:12     | XOM: silly message
 14210 | D:12     | XOM: medium Air miscast
 14351 | D:12     | XOM: give mutations
 14351 | D:12     | Gained mutation: You are resistant to electric shocks. [Xom's grace]
 14351 | D:12     | Gained mutation: Your system is resistant to poisons. [Xom's grace]
 14351 | D:12     | Gained mutation: You have sharp fingernails. [Xom's grace]
 14351 | D:12     | Gained mutation: You have supernaturally acute eyesight. [Xom's grace]
 14468 | D:13     | Noticed a centaur warrior
 14481 | D:13     | Killed a centaur warrior
 14568 | D:13     | XOM: mild Divn miscast
 14602 | D:13     | Found a gate to the Vaults.
 14602 | D:13     | Noticed a yaktaur captain
 14993 | Lair:1   | Noticed Joseph
 15005 | Lair:1   | Killed Joseph
 15439 | Lair:1   | XOM is BORED!
 15439 | Lair:1   | XOM: mild Pois miscast
 15505 | Lair:1   | XOM: god gift: crooked smoking staff {god gift}
 15573 | Lair:1   | XOM: medium Trmt miscast
 15580 | Lair:1   | XOM: potion effect (invisibility)
 15584 | Lair:1   | Reached skill level 14 in Long Blades
 15624 | Lair:1   | Gained mutation: Your body sometimes deteriorates upon taking damage. [mutagenic glow]
 15664 | Lair:1   | Gained mutation: You occasionally shout uncontrollably at your foes. [mutagenic glow]
 15781 | Lair:1   | Gained mutation: Your body often deteriorates upon taking damage. [mutagenic glow]
 15867 | Lair:1   | XOM: blink monster(s)
 15871 | Lair:1   | Reached XP level 13. HP: 116/116 MP: 13/13
 16074 | Lair:2   | XOM: noise
 16086 | Lair:2   | XOM: divine lightning
 16117 | Lair:2   | XOM: 2-stop teleportation journey
 16119 | Lair:2   | XOM: noise
 16152 | Lair:2   | XOM: polymorph blink frog -> guardian serpent
 16155 | Lair:2   | XOM: harmless Erth miscast
 16253 | Lair:2   | XOM: silly message
 16278 | Lair:2   | XOM: colour smoke trail
 16298 | Lair:2   | XOM is BORED!
 16298 | Lair:2   | XOM: 3-stop teleportation journey
 16538 | Lair:2   | XOM: swap monsters
 16670 | Lair:2   | XOM: noise
 16751 | Lair:2   | XOM: noise
 16956 | Lair:2   | XOM: harmless Trmt miscast
 17052 | Lair:2   | XOM: mild Fire miscast
 17413 | Lair:3   | Found a hole to the Spider Nest.
 17669 | Lair:3   | Found a staircase to the Shoals.
 17856 | Lair:3   | XOM: medium Ice miscast
 17980 | Lair:4   | Reached skill level 10 in Shields
 18117 | Lair:4   | XOM: mild Pois miscast
 18171 | Lair:4   | XOM: 1-stop teleportation journey
 18211 | Lair:4   | XOM: enchant monster (good)
 18672 | Lair:5   | XOM: divination: detect items
 18673 | Lair:5   | Reached skill level 10 in Dodging
 18872 | Lair:5   | XOM: mild Summ miscast
 18882 | Lair:5   | XOM: cast spell 'Ring of Flames'
 18932 | Lair:5   | XOM: divination: detect creatures
 19110 | Lair:5   | XOM: god gift: runed large shield {god gift}
 19161 | Lair:5   | Reached skill level 15 in Long Blades
 19614 | Lair:5   | XOM: give mutations
 19614 | Lair:5   | Gained mutation: You have large cloven feet. [Xom's grace]
 19614 | Lair:5   | Gained mutation: Your natural rate of healing is unusually fast. [Xom's grace]
 19826 | Lair:6   | XOM: god gift: 15 gold pieces
 19832 | Lair:6   | XOM: colour smoke trail
 20140 | Lair:6   | Found a runed door.
 20142 | Lair:6   | Found a viscous altar of Jiyva.
 20157 | Lair:6   | Found a staircase to the Slime Pits.
 20216 | Lair:6   | XOM: divination: detect creatures
 20278 | Lair:6   | XOM: harmless Necr miscast
 20311 | Lair:6   | XOM: harmless Tloc miscast
 20358 | Lair:6   | XOM: harmless Trmt miscast
 20448 | Lair:6   | Reached XP level 14. HP: 112/127 MP: 14/14
 20532 | Lair:6   | XOM: cast spell 'Ice Form'
 20557 | Lair:6   | XOM: harmless Chrm miscast
 20889 | Lair:7   | XOM: cast spell 'Summon Butterflies'
 20912 | Lair:7   | XOM: harmless Pois miscast
 20931 | Lair:7   | XOM: cast spell 'Spider Form'
 20949 | Lair:7   | XOM: potion effect (haste)
 20952 | Lair:7   | XOM: destruction
 20953 | Lair:7   | XOM: swap monsters
 21113 | Lair:7   | XOM: swap monsters
 21296 | Lair:7   | XOM: scenery: create altars
 21397 | Lair:7   | XOM: cast spell 'Disjunction'
 21440 | Lair:7   | XOM is BORED!
 21440 | Lair:7   | XOM: give mutation
 21440 | Lair:7   | Lost mutation: You are very clumsy. (Dex -4) [Xom's mischief]
 21473 | Lair:7   | XOM: harmless Erth miscast
 21550 | Lair:7   | XOM: confuse monster(s)
 21572 | Lair:7   | Reached skill level 1 in Evocations
 21997 | Lair:8   | Entered Level 8 of the Lair of Beasts
 22079 | Lair:8   | XOM: summons friendly quasit
 22122 | Lair:8   | Reached skill level 16 in Long Blades
 22151 | Lair:8   | XOM: fog
 22168 | Lair:8   | XOM: enchant monster (good)
 22278 | Lair:8   | XOM: medium Ice miscast
 22338 | Lair:8   | XOM: mild Necr miscast
 22379 | Lair:8   | XOM: mild Conj miscast
 22379 | Lair:8   | XOM: smoke on damage
 22612 | Lair:8   | XOM: mild Fire miscast
 22914 | Lair:8   | XOM: silly message
 22987 | Lair:8   | XOM: noise
 22993 | Lair:8   | XOM: cast spell 'Summon Dragon'
 23018 | Lair:8   | XOM: polymorph ice dragon -> alligator
 23057 | Lair:8   | XOM: noise
 23425 | Lair:8   | Got an ancient copper amulet
 23726 | Lair:8   | Noticed Maud
 23743 | Lair:8   | Killed Maud
 23928 | Lair:8   | XOM: mild Trmt miscast
 24078 | Lair:8   | XOM: blink monster(s)
 24083 | Lair:8   | Reached skill level 5 in Evocations
 24459 | D:13     | XOM: summons 2 friendly demons
 24605 | D:13     | Noticed namelastname112's ghost (journeyman DrBe)
 24614 | D:13     | Killed namelastname112's ghost
 24746 | D:13     | XOM: 1-stop teleportation journey
 24943 | D:13     | Identified the amulet of Suigrotus {Harm *Drain rN+ Dex-3 Slay+2} (You took it off a spriggan on level 8 of the Lair of Beasts)
 24974 | D:13     | XOM: noise
 25234 | D:14     | XOM: give mutation
 25234 | D:14     | Lost mutation: You have large cloven feet. [Xom's mischief]
 25237 | D:14     | Noticed Rupert
 25238 | D:14     | XOM: divination: detect creatures
 25242 | D:15     | Entered Level 15 of the Dungeon
 25251 | D:15     | XOM: confuse monster(s)
 25326 | D:15     | Noticed Kirke
 25336 | D:14     | Killed Rupert
 25336 | D:14     | Reached XP level 15. HP: 78/136 MP: 19/19
 25697 | D:14     | XOM: colour smoke trail
 25803 | D:14     | XOM: harmless Chrm miscast
 25904 | D:14     | XOM: give mutation
 25904 | D:14     | Lost mutation: Your natural rate of healing is unusually fast. [Xom's mischief]
 25980 | D:14     | XOM: medium Hex miscast
 26535 | D:14     | XOM: noise
 26745 | D:14     | XOM: colour smoke trail
 26995 | D:15     | XOM: summons 7 friendly demons
 27007 | D:15     | Noticed Kirke
 27007 | D:15     | Kirke changed into Kirke the iron troll
 27007 | D:15     | XOM: polymorph Kirke -> Kirke the iron troll
 27013 | D:15     | XOM: polymorph hog -> two-headed ogre
 27126 | D:14     | Killed Kirke the iron troll
 27224 | D:14     | XOM: mild Necr miscast
 27246 | D:14     | XOM: mild Air miscast
 27570 | D:15     | XOM: chaos upgrade
 27949 | D:15     | XOM: give mutations
 27949 | D:15     | Lost mutation: You are resistant to electric shocks. [Xom's mischief]
 27949 | D:15     | Lost mutation: You are clumsy. (Dex -2) [Xom's mischief]
 28151 | D:15     | XOM: give mutation
 28151 | D:15     | Lost mutation: You occasionally shout uncontrollably at your foes. [Xom's mischief]
 28382 | D:15     | Paralysed by an orc sorcerer for 5 turns
 28386 | D:15     | XOM: confuse monster(s)
 28411 | D:15     | XOM: harmless Tloc miscast
 28417 | D:15     | XOM: summons 2 friendly demons
 28649 | D:14     | Learned a level 1 spell: Apportation
 28651 | D:14     | Learned a level 1 spell: Summon Butterflies
 28668 | D:14     | Reached skill level 17 in Long Blades
 28842 | D:14     | XOM: mild Divn miscast
 28919 | D:14     | XOM: scenery: 2 doors close
 29060 | D:15     | XOM: destruction
 29187 | D:14     | XOM: god gift: steaming falchion {god gift}
 29190 | D:14     | Got a steaming falchion {god gift}
 29191 | D:14     | Identified the +4 falchion "Jellybane" {chaos, rPois MR- MP+9 Dex+5} (Xom gifted it to you on level 14 of the Dungeon)
 29285 | D:14     | XOM: scenery: 2 doors open
 29364 | D:14     | XOM: colour smoke trail
 29447 | D:15     | XOM: colour smoke trail
 29516 | D:15     | XOM: divination: detect items
 29548 | D:15     | Found a staircase to the Depths.
 29851 | D:15     | XOM: smoke on damage
 30061 | D:15     | XOM: divination: detect creatures
 30064 | D:15     | XOM: divination: detect creatures
 30069 | D:15     | XOM: divination: magic mapping
 30080 | D:15     | XOM: mild Pois miscast
 30681 | D:15     | XOM is BORED!
 30681 | D:15     | XOM: harmless Pois miscast
 31178 | D:15     | XOM: divination: detect creatures
 31337 | Orc:1    | Entered Level 1 of the Orcish Mines
 31364 | Orc:2    | Entered Level 2 of the Orcish Mines
 31432 | Orc:2    | Found a dark tunnel.
 31442 | Volcano  | Entered a volcano
 31945 | Orc:2    | Found a staircase to the Elven Halls.
 31955 | Orc:2    | XOM: potion effect (heal wounds)
 32158 | Orc:2    | XOM is BORED!
 32158 | Orc:2    | XOM: mild Fire miscast
 32237 | Orc:2    | XOM: harmless Hex miscast
 32305 | Orc:2    | Found Xegaopsu's Jewellery Emporium.
 32318 | Orc:2    | XOM: silly message
 32895 | Orc:2    | Found a roughly hewn altar of Beogh.
 32948 | Orc:2    | Paralysed by an orc sorcerer for 6 turns
 32985 | Orc:2    | XOM: blink monster(s)
 33017 | Orc:2    | XOM: enchant monster (good)
 33601 | Orc:2    | XOM: harmless Erth miscast
 33675 | Orc:2    | XOM: cast spell 'Ice Form'
 33741 | Orc:2    | XOM is BORED!
 33741 | Orc:2    | XOM: enchant monster (bad)
 33862 | Orc:2    | Reached XP level 16. HP: 133/146 MP: 22/22
 33864 | Orc:2    | XOM: summons friendly shadow imp
 33873 | Orc:2    | XOM: blink monster(s)
 33875 | Orc:2    | XOM: cast spell 'Spider Form'
 33876 | Orc:2    | XOM: smoke on damage
 34022 | Orc:2    | XOM: severe Ice miscast
 34085 | Orc:2    | XOM: silly message
 34317 | Orc:2    | XOM: noise
 34421 | Orc:2    | XOM: medium Summ miscast
 34798 | Orc:2    | Found Iskurof's Book Shop.
 34804 | Orc:2    | Found Buumou's Magic Scroll Shop.
 34806 | Orc:2    | Found Yleolo's Antique Armour Emporium.
 34824 | Orc:2    | Bought a manual of Long Blades for 1766 gold pieces
 34824 | Orc:2    | Bought a book of Battle for 640 gold pieces
 34828 | Orc:2    | Learned a level 3 spell: Regeneration
 34832 | Orc:2    | Learned a level 3 spell: Spectral Weapon
 34950 | Orc:2    | XOM: noise
 35184 | Orc:1    | XOM: noise
 35534 | Orc:1    | XOM: give mutations
 35534 | Orc:1    | Gained mutation: You have an increased reservoir of magic (+10% MP). [Xom's grace]
 35534 | Orc:1    | Gained mutation: Your flesh is cold resistant. [Xom's grace]
 35752 | Orc:1    | XOM: 3-stop teleportation journey
 35840 | Orc:1    | Found Igalat's Weapon Shoppe.
 35965 | Orc:1    | Noticed Fannar
 35986 | Orc:1    | Killed Fannar
 36075 | Orc:1    | XOM: god gift: quarterstaff {god gift}
 36172 | Orc:1    | XOM: enchant monster (good)
 36342 | Orc:2    | XOM: god gift: potion of berserk rage
 36426 | Lair:1   | XOM: give mutations
 36426 | Lair:1   | Lost mutation: You have a pair of small horns on your head. [Xom's mischief]
 36426 | Lair:1   | Gained mutation: You tend to lose your temper in combat. [Xom's mischief]
 36428 | Lair:1   | Lost mutation: Your body often deteriorates upon taking damage. [potion of cure mutation]
 36428 | Lair:1   | Lost mutation: Your mind is acute. (Int +2) [potion of cure mutation]
 36428 | Lair:1   | Lost mutation: You have an increased reservoir of magic (+10% MP). [potion of cure mutation]
 36429 | Lair:1   | Lost mutation: Your body sometimes deteriorates upon taking damage. [potion of cure mutation]
 36429 | Lair:1   | Lost mutation: You are covered in fur (AC +1). [potion of cure mutation]
 36429 | Lair:1   | Lost mutation: You possess an exceptional clarity of mind. [potion of cure mutation]
 36584 | Shoals:1 | Entered Level 1 of the Shoals
 36741 | Shoals:1 | XOM: swap monsters
 36754 | Shoals:1 | XOM: harmless Summ miscast
 37419 | Shoals:1 | XOM: give mutations
 37419 | Shoals:1 | Gained mutation: Your muscles are strong. (Str +2) [Xom's grace]
 37419 | Shoals:1 | Gained mutation: Your spells are a little harder to cast, but a little more powerful. [Xom's grace]
 37419 | Shoals:1 | Gained mutation: You have an increased reservoir of magic (+10% MP). [Xom's grace]
 37419 | Shoals:1 | Gained mutation: Your muscles are very strong. (Str +4) [Xom's grace]
 37509 | Shoals:1 | XOM: god gift: thin glowing staff {god gift}
 37519 | Shoals:1 | Reached skill level 10 in Evocations
 37527 | Shoals:1 | Noticed Frances
 37541 | Shoals:1 | Killed Frances
 37622 | Shoals:1 | XOM: fog
 37632 | Shoals:1 | XOM: divination: detect items
 37633 | Shoals:1 | XOM: summons 3 friendly demons
 37634 | Shoals:1 | XOM: noise
 37719 | Shoals:1 | XOM: confuse monster(s)
 37740 | Shoals:1 | Reached skill level 18 in Long Blades
 37811 | Shoals:1 | XOM: give mutations
 37811 | Shoals:1 | Gained mutation: You are agile. (Dex +2) [Xom's grace]
 37811 | Shoals:1 | Gained mutation: You evolve. [Xom's grace]
 37811 | Shoals:1 | Gained mutation: You are robust (+10% HP). [Xom's grace]
 37811 | Shoals:1 | Gained mutation: You are very agile. (Dex +4) [Xom's grace]
 37868 | Shoals:1 | Gained mutation: You have a pair of small horns on your head. [evolution]
 38006 | Shoals:1 | XOM: 3-stop teleportation journey
 38043 | Shoals:1 | Noticed a kraken
 38242 | Shoals:1 | XOM: god gift: 1270 gold pieces
 38750 | Shoals:1 | XOM: destruction
 38809 | Shoals:1 | XOM: give mutations
 38809 | Shoals:1 | Gained mutation: You have sharp toenails. [Xom's grace]
 38809 | Shoals:1 | Gained mutation: You possess an exceptional clarity of mind. [Xom's grace]
 38809 | Shoals:1 | Gained mutation: You have a pair of horns on your head. [Xom's grace]
 38893 | Shoals:1 | XOM: god gift: 11 poisoned arrows
 39053 | Shoals:1 | Killed a kraken
 39159 | Shoals:1 | XOM: confuse monster(s)
 39165 | Shoals:1 | XOM: destruction
 39610 | Shoals:2 | XOM: vitrification
 39653 | Shoals:2 | XOM: divination: detect creatures
 39840 | Shoals:2 | HP: 2/161 [faun/sling bullet (28)]
 39840 | Shoals:2 | Shot with a sling bullet by a faun

Vault maps used:
D:1:      minmay_arrival_doors, minivault_23
D:2:      grunt_pakellas_basics, uniq_robin
D:3:      first_bread
D:4:      lemuel_castle_with_subvaults, lemuel_tele_altar
D:5:      kennysheep_mini, grunt_dithmenos_smoke, minmay_strange_pillars
D:6:      grunt_temple_overflow_bloody_war
D:7:      kiku_gazebo_garden_becter, marbit_many_paths, basic_altar,
          grunt_livestock, uniq_crazy_yiuf_cottage
D:8:      lemuel_blue_sif_altar, gammafunk_temple_overflow_forgotten,
          nicolae_ossuary_entry_monument, enter_bailey_3, minmay_diamond_spiral,
          uniq_erica
D:9:      boulder_corridor_run, nicolae_overflow_crystal_walls, david_orc_3,
          uniq_erolcha
D:10:     minmay_misc_feat_columns, uniq_snorg, uniq_sonja, uniq_urug, uniq_grum
D:11:     lair_0_dummy, uniq_josephine
D:12:     uniq_nessos, uniq_harold
D:13:     david_vaults_2, hangedman_decor_growths
D:14:     minivault_7, uniq_rupert
D:15:     grunt_enter_depths_magical_seal, nicolae_benzene_ring, uniq_kirke
Lair:1:   infiniplex_staircase_pool, uniq_joseph
Lair:2:   bh_autumn_forest_stairs, serial_bayou_shore_b, grunt_megastairs_5
Lair:3:   minmay_shoals_entry_lonely_mermaid, dummy_spider_entry,
          serial_bayou_shore_a
Lair:4:   serial_bayou_shore_b
Lair:5:   beast_lair_carwin_9
Lair:6:   slime_altar_2
Lair:8:   minmay_lair_end_enchanted_forest, uniq_maud
Shoals:1: nicolae_shoals_square_sea_wall, overgrown_tower, uniq_frances
Orc:1:    nicolae_orc_accident_1, serial_shops, shop, uniq_fannar
Orc:2:    st_orc_elflike, basic_altar, enter_volcano_1, rock_pile
Ossuary:  ossuary_tomb_3
Bailey:   bailey_polearm_5, bailey
Volcano:  volcano_aerie

Skill      XL: |  1  2  3  4  5  6  7  8  9 10 11 12 13 14 15 16 |
---------------+-------------------------------------------------+-----
Long Blades    | 4 5 6 8 9 11 12 14 15 16 17 18 | 18.2
Dodging        | 3 4 5 6 7 8 9 10 11 12 | 12.5
Fighting       | 4 5 6 8 9 10 11 12 13 14 | 14.5
Shields        | 1 3 4 5 7 8 9 10 | 10.3
Evocations     | 5 9 10 | 10.7

Action                   |  1- 3 |  4- 6 |  7- 9 | 10-12 | 13-15 | 16-18 || total
-------------------------+-------+-------+-------+-------+-------+-------++-------
Melee: Falchion          |   119 |   168 |   561 |    76 |       |       ||   924
       Scimitar          |       |       |       |   537 |  1460 |   301 ||  2298
Throw: Throwing net      |       |       |       |     2 |     2 |       ||     4
Evoke: Wand              |       |       |       |     9 |     1 |     2 ||    12
       Box of beasts     |       |       |       |       |     2 |     2 ||     4
  Use: Potion            |       |       |     5 |     3 |     6 |     3 ||    17
       Scroll            |       |       |    18 |     9 |    19 |     8 ||    54
 Stab: Sleeping          |     1 |       |     1 |       |     1 |       ||     3
       Paralysed         |     1 |       |       |       |     4 |       ||     5
       Petrifying        |       |     1 |     1 |       |     2 |       ||     4
       Invisible         |       |       |     1 |       |       |       ||     1
       Confused          |       |       |       |     3 |     2 |       ||     5
       Distracted        |       |       |       |     2 |       |       ||     2
       Held in net/web   |       |       |       |       |     1 |       ||     1
       Petrified         |       |       |       |       |       |     1 ||     1
  Eat: Chunk             |     1 |     5 |    16 |    23 |    43 |     5 ||    93
       Meat ration       |       |       |     1 |       |       |       ||     1
       Beef jerky        |       |       |       |     3 |       |     2 ||     5
       Fruit             |       |       |       |       |     8 |     4 ||    12
       Royal jelly       |       |       |       |       |     4 |     3 ||     7
       Pizza             |       |       |       |       |       |     2 ||     2
